 Dungeon Crawl Stone Soup version 0.27.1 (webtiles) character file.

Game seed: 2368120594547660208

359 nxtlvl the Chopper (level 6, -4/76 HPs)
             Began as a Draconian Berserker on Aug 21, 2021.
             Was a Believer of Trog.
             Slain by a water moccasin (5 damage)
             ... on level 6 of the Dungeon.
             The game lasted 00:08:22 (893 turns).

nxtlvl the Chopper (Draconian Berserker)             Turns: 893, Time: 00:08:23

Health: -4/76      AC: -2    Str: 20    XL:     6   Next: 37%
Magic:  6/6        EV: 12    Int:  7    God:    Trog [**....]
Gold:   74         SH:  0    Dex: 12    Spells: 5/5 levels left

rFire    . . .     SeeInvis .   a - +0 hand axe
rCold    . . .     Faith    .   (no shield)
rNeg     . . .     Spirit   .   (armour unavailable)
rPois    .         Reflect  .   (helmet restricted)
rElec    .         Harm     .   (no cloak)
rCorr    .         Rampage  .   (no gloves)
Will     ++...                  (no boots)
Stlth    ..........             (no amulet)
HPRegen  1.22/turn              c - ring of flight
MPRegen  0.10/turn              (no ring)

@: berserking (expiring), lethally poisoned (-4 -> -5), strong-willed, corroded,
flying, regenerating, very quick
A: AC +6, unfitting armour, cold-blooded
a: Renounce Religion, Berserk, Trog's Hand


You were on level 6 of the Dungeon.
You worshipped Trog.
Trog was pleased with you.
You visited 1 branch of the dungeon, and saw 6 of its levels.

You collected 74 gold pieces.

Inventory:

Hand Weapons
 a - a +0 hand axe (weapon)
 b - a +0 hunting sling
Missiles
 m - a throwing net
 p - 22 bolts
 q - 10 sling bullets
 Q - 20 poisoned darts (quivered)
Armour
 r - a +0 cloak
Jewellery
 c - a ring of flight (left hand)
 j - a +4 ring of evasion
 k - a ring of fire
Wands
 l - a wand of iceblast (8)
Scrolls
 e - a scroll of enchant armour {unknown}
 f - a scroll of identify {unknown}
 g - a scroll of enchant weapon {unknown}
 h - a scroll of teleportation {unknown}
 n - a scroll of fog {unknown}
Potions
 d - 3 potions of degeneration {unknown}
 i - 2 potions of curing {unknown}
 o - 2 potions of mutation {unknown}


   Skills:
 - Level 3.2 Fighting
 * Level 7.3 Axes
 - Level 2.6 Dodging


You had 5 spell levels left.
You didn't know any spells.
Your spell library was empty.

Dungeon Overview and Level Annotations

Branches:
Dungeon (6/15)
 Temple: D:4-7

Altars:
Cheibriados
Okawaru
Trog
Yredelemnul


Innate Abilities, Weirdness & Mutations

Your plain brown scales are hard. (AC +6)
You cannot fit into any form of body armour.
You are cold-blooded and may be slowed by cold attacks.


Message History

You barely miss the iron imp. The iron imp hits you!
* * * LOW HITPOINT WARNING * * *
The phantom hits you.
* * * LOW HITPOINT WARNING * * *
The phantom blinks!
You blink.
You hit the phantom.
The phantom is almost destroyed.
You closely miss the gnoll. The gnoll barely misses you.
You slash the phantom!
You destroy the phantom!
Trog accepts your kill.
You hit the gnoll. You hit the gnoll shaman.
Your Axes skill increases to level 7!
You closely miss the gnoll shaman.
The gnoll shaman is lightly wounded.
You barely miss the gnoll. You closely miss the iron imp.
The gnoll hits you with a +0 spear.
* * * LOW HITPOINT WARNING * * *
The gnoll shaman hits you with a +0 club.
* * * LOW HITPOINT WARNING * * *
The iron imp hits you.
* * * LOW HITPOINT WARNING * * *
You slash the water moccasin!
Your tail-slap misses the water moccasin.
The water moccasin is severely wounded.
You completely miss the iron imp. You barely miss the gnoll shaman.
You hit the gnoll. The water moccasin bites you.
* * * LOW HITPOINT WARNING * * *
You are lethally poisoned!
The water moccasin poisons you! The gnoll shaman closely misses you.
You slash the water moccasin!
The water moccasin is almost dead.
You hit the gnoll.
You hit the gnoll shaman but do no damage.
You closely miss the iron imp.
* * * LOW HITPOINT WARNING * * *
You feel sick.
A gnoll comes into view. It is wielding a +0 spear.
The water moccasin bites you.
You die...

.......<....#
....?.......#
?...........#
....###o....#
.o. #.....# ..
.###...Z.#### .
#....oo.....##
#.....S5.....#
......_@g....#
.......gg.g..#
#............#
.###.....###..#
#.....# #.#
#.....# ...
###...g ..
#####


You could see a water moccasin, a gnoll shaman, an iron imp, 4 gnolls, 3 orcs
and a water moccasin skeleton.

Vanquished Creatures
  A necrophage (D:4)
  A phantom (D:6)
  A water moccasin skeleton (D:4)
  A jelly (D:6)
  A gnoll shaman (D:4)
  Natasha (D:2)
  2 gnolls (D:4)
  2 adders
  An ufetubus (D:5)
  A dart slug (D:2)
  4 orcs (D:3)
  2 endoplasms
  5 hobgoblins
  4 kobolds
  A quokka (D:3)
  3 ball pythons
  A bat (D:3)
  3 frilled lizards
  2 goblins (D:3)
  A kobold zombie (D:3)
  A rat (D:3)
39 creatures vanquished.

Vanquished Creatures (others)
  A frilled lizard (D:3)
  A kobold (D:3)
2 creatures vanquished.

Grand Total: 41 creatures vanquished

Notes
Turn   | Place    | Note
-------+----------+-------------------------------------------
     0 | D:1      | nxtlvl the Draconian Berserker began the quest for the Orb.
     0 | D:1      | Reached XP level 1. HP: 19/19 MP: 1/1
    72 | D:1      | Found a faded altar of an unknown god.
    87 | D:2      | Noticed Natasha
    98 | D:2      | Noticed an iron imp
   102 | D:2      | Killed Natasha
   103 | D:2      | Reached skill level 4 in Axes
   103 | D:2      | Reached XP level 2. HP: 26/26 MP: 2/2
   103 | D:2      | Reached XP level 3. HP: 31/31 MP: 3/3
   155 | D:3      | Found a bloodstained altar of Trog.
   296 | D:3      | Noticed a scorpion
   382 | D:3      | Found a runed translucent door.
   382 | D:3      | Noticed a human
   384 | D:3      | Found a basalt altar of Yredelemnul.
   386 | D:3      | Reached ** piety under Trog
   449 | D:2      | Found an iron altar of Okawaru.
   558 | D:4      | Reached skill level 5 in Axes
   558 | D:4      | Reached XP level 4. HP: 38/38 MP: 4/4
   578 | D:4      | Noticed a necrophage
   601 | D:4      | Killed a necrophage
   602 | D:4      | Reached XP level 5. HP: 45/45 MP: 5/5
   685 | D:4      | Reached skill level 6 in Axes
   849 | D:5      | Entered Level 5 of the Dungeon
   876 | D:6      | Noticed a phantom
   876 | D:6      | Noticed a water moccasin
   883 | D:6      | Reached XP level 6. HP: 33/51 MP: 6/6
   883 | D:6      | Found a snail-covered altar of Cheibriados.
   891 | D:6      | Reached skill level 7 in Axes
   892 | D:6      | HP: 2/76 [water moccasin (5)]
   893 | D:6      | Slain by a water moccasin

Illustrated notes

Levels and vault maps discovered:
D:1:      minmay_arrival_wavy_path, layout_basic, ebering_ecumenical_altar_box
D:2:      layout_loops_cross, basic_altar, minmay_hexomino_p4, uniq_natasha
D:3:      layout_rooms, mainiacjoe_overflow_small_starburst,
          dk_yredelemnul_ordeal, trog_hazing_becter, lightli_corner_chamber
D:4:      layout_loops_corners, lemuel_old_faithful
D:5:      layout_rooms, minmay_misc_feat_more_columns, uniq_blork_the_orc
D:6:      layout_rooms, lemuel_tele_altar, slow_altar_1,
          nicolae_gozag_cash_rules_everything_around_me, uniq_grinder

Skill      XL: |  1  2  3  4  5  6 |
---------------+-------------------+-----
Axes           | 4 5 6 7 |  7.3
Fighting       | |  3.2
Dodging        | |  2.6

Action                   |  1- 3 |  4- 6 || total
-------------------------+-------+-------++-------
Melee: Hand axe          |    57 |    56 ||   113
       Tailslap          |     6 |     5 ||    11
 Fire: Hunting sling     |     2 |     7 ||     9
Invok: Berserk           |     4 |     4 ||     8
       Trog's Hand       |       |     1 ||     1
Armor: Skin              |    23 |    16 ||    39
Dodge: Dodged            |    32 |    35 ||    67
